 Dungeon Crawl Stone Soup version 0.22-a0-166-g5351223 (webtiles) character file.

175 mhoghedin the Stinger (level 5, 0/42 HPs)
             Began as a Naga Venom Mage on Feb 13, 2018.
             Killed by divine providence
             ... invoked by an orc priest
              (14 damage)
             ... on level 3 of the Dungeon.
             The game lasted 00:06:27 (2851 turns).

mhoghedin the Stinger (Naga Venom Mage)             Turns: 2851, Time: 00:06:27

Health: 0/42       AC:  5    Str: 11    XL:     5   Next: 55%
Magic:  9/9        EV: 10    Int: 16    God:
Gold:   205        SH:  0    Dex: 11    Spells: 4/10 levels left

rFire    . . .     SeeInvis +   n - +2 quarterstaff (chaos)
rCold    . . .     Gourm    .   (shield currently unavailable)
rNeg     . . .     Faith    .   a - +0 robe
rPois    +         Spirit   .   s - +1 helmet {SInv}
rElec    .         Reflect  .   e - +0 cloak
rCorr    .         Harm     .   (no gloves)
MR       .....     Rnd*Tele +   (no barding)
Stlth    ++........             (no amulet)
HPRegen  0.14/turn              f - ring of teleportation (curse) {+/*tele, !d}
MPRegen  0.11/turn              (no ring)

@: very slow
A: large, see invisible, deformed body, poison resistance, slowness 2, slow
metabolism 1, spit poison 1, AC +1
a: Spit Poison


You were on level 3 of the Dungeon.
You were not hungry.

You visited 1 branch of the dungeon, and saw 3 of its levels.

You collected 205 gold pieces.

Inventory:

Hand Weapons
 n - a +2 quarterstaff of chaos (weapon)
   (You took it off Crazy Yiuf on level 2 of the Dungeon)
Missiles
 t - 5 curare-tipped needles
Armour
 a - a +0 robe (worn)
 e - a +0 cloak (worn)
   (You took it off Crazy Yiuf on level 2 of the Dungeon)
 s - a +1 helmet of see invisible (worn)
   (You took it off Robin on level 3 of the Dungeon)
Jewellery
 f - a cursed ring of teleportation (left hand) {+/*tele, !d}
   (You found it on level 1 of the Dungeon)
Scrolls
 d - a scroll of blinking {unknown}
 g - a scroll of enchant weapon {unknown}
 i - a scroll of teleportation {unknown}
 l - 6 scrolls of identify
 o - a scroll of noise {unknown}
 p - a scroll of remove curse {unknown}
 q - a scroll of amnesia {unknown}
Potions
 h - a potion of brilliance {unknown}
 j - a potion of agility {unknown}
 k - 2 potions of curing
 m - a potion of lignification {unknown}
 r - a potion of haste
 u - a potion of ambrosia {unknown}
Books
 b - a Young Poisoner's Handbook
Comestibles
 c - 6 rations


   Skills:
 - Level 1.5 Dodging
 - Level 3.0 Stealth
 - Level 3.0 Spellcasting
 - Level 1.0 Conjurations
 + Level 7.3 Poison Magic


You had 4 spell levels left.
You knew the following spells:

 Your Spells              Type           Power        Failure   Level  Hunger
a - Sting                 Conj/Pois      ###.         3%          1    #......
b - Poisonous Vapours     Pois/Air       ##....       6%          2    ##.....
x - Mephitic Cloud        Conj/Pois/Air  ##......     19%         3    ###....


Dungeon Overview and Level Annotations

Branches:
Dungeon (3/15)

Altars:


Innate Abilities, Weirdness & Mutations

You cannot wear boots.
Your serpentine skin is tough. (AC +1)
You have supernaturally acute eyesight. (SInv)
Armour fits poorly on your strangely shaped body.
Your system is resistant to poisons. (rPois)
You cover ground very slowly.
You have a slow metabolism.
You can spit poison.


Message History

You see here a curare-tipped needle.
Health restored: 42 The kobold shoots a curare-tipped needle.
The curare-tipped needle barely misses you.
You see here a curare-tipped needle.
The kobold shoots a curare-tipped needle.
The curare-tipped needle hits you.
You are poisoned.
You have difficulty breathing.
You feel yourself slow down.
The kobold shoots a curare-tipped needle.
The curare-tipped needle barely misses you.
You see here 2 curare-tipped needles.
You take 7 damage, and have 35/42 hp.
Aim: a kobold, wielding a blowgun The splash of poison hits the kobold.
The kobold is poisoned.
You kill the kobold!
You feel slightly more hungry.
You feel sick.
You take 1 damage, and have 34/42 hp.
You start resting.
You feel sick.
You have got your breath back.
You feel sick.
You take 2 damage, and have 32/42 hp.
You start resting.
You feel sick. x4
You feel yourself speed up.
You take 3 damage, and have 29/42 hp.
You start resting.
You feel sick.
Some of the chunks of flesh in your inventory have rotted away.
You feel sick. x3
You are no longer poisoned.
You take 2 damage, and have 27/42 hp.
You start resting.
All of the chunks of flesh in your inventory have rotted away.
Health restored: 42 Unknown command.
Search for what [? for help]? ego Unknown command.
t - 2 curare-tipped needles
t - 3 curare-tipped needles (gained 1)
t - 4 curare-tipped needles (gained 1)
t - 5 curare-tipped needles (gained 1)
Things that are here:
a blowgun; an uncursed club; a kobold corpse
u - a golden potion You now have 205 gold pieces (gained 10).
c - 6 rations (gained 1)
l - 6 scrolls of identify (gained 1)
A hobgoblin comes into view.
A hobgoblin is nearby!
An orc comes into view. It is wielding a whip.
The orc shouts!
The hobgoblin hits you but does no damage.
An orc priest comes into view. It is wielding a dagger.
You closely miss the hobgoblin.
The hobgoblin hits you but does no damage.
An orc comes into view.
You barely miss the hobgoblin. The hobgoblin misses you.
The hobgoblin barely misses you.
You barely miss the hobgoblin.
The orc shouts!
The hobgoblin hits you.
A bat comes into view.
You take 3 damage, and have 39/42 hp.
You closely miss the hobgoblin. The hobgoblin hits you.
You take 1 damage, and have 38/42 hp.
You barely miss the hobgoblin. The hobgoblin closely misses you.
The orc closely misses you. The hobgoblin closely misses you.
You hit the hobgoblin.
The hobgoblin appears confused.
The orc barely misses you.
The hobgoblin ponders the situation.
The hobgoblin falls through a shaft!
The shaft crumbles and collapses.
The orc hits you but does no damage.
You closely miss the orc. The orc barely misses you.
You hit the orc. The orc hits you with a whip.
You take 1 damage, and have 37/42 hp.
You barely miss the orc. The orc hits you but does no damage.
The orc hits you with a whip.
You take 3 damage, and have 34/42 hp.
You sock the orc!
You kill the orc!
The bat hits you but does no damage. The bat closely misses you.
The bat hits you but does no damage. The orc hits you.
The bat barely misses you. The orc hits you but does no damage.
The bat hits you but does no damage.
Things that are here:
a whip; a leather armour; an orc corpse You take 3 damage, and have 31/42 hp.
You hit the bat.
You feel better. The bat hits you. The bat closely misses you.
The orc closely misses you.
You sock the bat! Lightning courses through the bat!
You kill the bat!
The orc barely misses you.
You closely miss the orc. The orc hits you. x2
You take 4 damage, and have 28/42 hp.
You closely miss the orc.
The orc priest mumbles some strange prayers to Beogh against you.
Beogh smites you! The orc hits you.
The orc priest calls down the wrath of Beogh upon you.
Beogh smites you!
You die...

###....##.#
####.##
#....##.#
#......
#.......#
........##
##......#
.###..#.##
#.#.##.#
#..#...
#.#.##.#
#..####
#...##.# #. #
#..###.# ##
.. #..###@#
#.# #....†o#
#.
##.####o.....
# #.# .###.#
#.. .. ####
.## .. ## ##
#. #.


You could see an orc priest and an orc.

Vanquished Creatures
  Crazy Yiuf (D:2)
  A worker ant (D:2)
  Robin (D:3)
  3 adders
  3 oozes
  2 worms (D:2)
  3 dart slugs
  2 orcs (D:3)
  10 bats
  5 giant cockroaches
  13 goblins
  2 hobgoblins
  A quokka (D:2)
  2 ball pythons
  7 kobolds
  9 rats
65 creatures vanquished.

Notes
Turn   | Place    | Note
-------+----------+-------------------------------------------
     0 | D:1      | mhoghedin the Naga Venom Mage began the quest for the Orb.
     0 | D:1      | Reached XP level 1. HP: 15/15 MP: 3/3
   108 | D:1      | Reached XP level 2. HP: 20/22 MP: 3/5
   204 | D:1      | Reached skill level 5 in Poison Magic
   812 | D:2      | Reached XP level 3. HP: 28/28 MP: 6/6
   823 | D:2      | Reached skill level 6 in Poison Magic
   827 | D:2      | Learned a level 2 spell: Poisonous Vapours
   831 | D:2      | Learned a level 3 spell: Mephitic Cloud
   925 | D:2      | Reached XP level 4. HP: 36/36 MP: 0/7
  1690 | D:2      | Found a runed door.
  1848 | D:2      | Noticed Crazy Yiuf
  1855 | D:2      | HP: 9/36 [Crazy Yiuf/quarterstaff of chaos (8)]
  1856 | D:2      | Killed Crazy Yiuf
  2186 | D:3      | Reached XP level 5. HP: 36/42 MP: 7/9
  2218 | D:3      | Found a faded altar of an unknown god.
  2523 | D:3      | Reached skill level 3 in Spellcasting
  2524 | D:3      | Reached skill level 7 in Poison Magic
  2526 | D:3      | Noticed Robin
  2533 | D:3      | Killed Robin
  2676 | D:3      | p0werm0de: https://discord.gg/Cvsqw2 XTAHUA discord channel !! join but dont post WEEB bullshit !! welcome ;D
  2851 | D:3      | Killed from afar by an orc priest

Vault maps used:
D:1:      evilmike_arrival_crescent
D:2:      uniq_crazy_yiuf_cottage
D:3:      chequers_ecumenical_altar_simple, grunt_decor_one_mirror, uniq_robin

Skill      XL: |  1  2  3  4  5 |
---------------+----------------+-----
Poison Magic   | 5 6 7 |  7.3
Spellcasting   | 3 |  3.0
Dodging        | |  1.5
Stealth        | |  3.0
Conjurations   | |  1.0

Action                   |  1- 3 |  4- 6 || total
-------------------------+-------+-------++-------
Melee: Unarmed           |     4 |       ||     4
       Dagger            |    15 |    42 ||    57
       Quarterstaff      |       |    75 ||    75
 Cast: Sting             |     9 |     1 ||    10
       Poisonous Vapours |     5 |    13 ||    18
 Abil: Spit Poison       |    18 |     5 ||    23
  Use: Scroll            |       |     2 ||     2
       Potion            |       |     2 ||     2
 Stab: Sleeping          |     1 |     1 ||     2
  Eat: Chunk             |       |     7 ||     7
Armor: Robe              |     8 |    33 ||    41
Dodge: Dodged            |    26 |    77 ||   103

Table legend:
 A = Spawn XP
 B = Non-spawn XP
 C = Spawn XP percentage of total XP
 D = Spawn monster count
 E = Non-spawn monster count
 F = Spawn count percentage of total count
 G = Total turns spent on level
                    A         B        C        D         E        F      G
               +---------+---------+-------+---------+---------+-------+---------
         Total |       0 |     251 |   0.0 |       0 |      65 |   0.0 |  2851
               +---------+---------+-------+---------+---------+-------+---------
           D:1 |       0 |      33 |   0.0 |       0 |      17 |   0.0 |   762
           D:2 |       0 |     120 |   0.0 |       0 |      21 |   0.0 |  1405
           D:3 |       0 |      98 |   0.0 |       0 |      27 |   0.0 |   684
               +---------+---------+-------+---------+---------+-------+---------

Vault maps used:
D:1:      evilmike_arrival_crescent
D:2:      uniq_crazy_yiuf_cottage
D:3:      chequers_ecumenical_altar_simple, grunt_decor_one_mirror, uniq_robin

Table legend:
 A = Turns spent in this place as a percentage of turns spent in the entire game.
 B = Non-inter-level travel turns spent in this place as a percentage of non-inter-level travel turns spent in the entire game.
 C = Inter-level travel turns spent in this place as a percentage of turns spent in this place.
 D = Turns resting spent in this place as a percentage of non-inter-level travel turns spent in this place.
 E = Turns spent auto-exploring this place as a percentage of non-inter-level travel turns spent in this place.
 F = Non-inter-level travel turns spent in this place divided by the number of levels of this place that you've seen.
                   A       B       C       D       E      F
               +-------+-------+-------+-------+-------+----------------------
         Total | 100.0 | 100.0 |   2.2 |  41.4 |  41.9 | 929.0
       Dungeon | 100.0 | 100.0 |   2.2 |  41.4 |  41.9 | 929.0
               +-------+-------+-------+-------+-------+----------------------

Table legend:
 A = Kills in this place as a percentage of kills in entire the game.
 B = Kills by you in this place as a percentage of kills by you in the entire game.
 C = Kills by friends in this place as a percentage of kills by friends in the entire game.
 D = Other kills in this place as a percentage of other kills in the entire game.
 E = Experience gained in this place as a percentage of experience gained in the entire game.
 F = Experience gained in this place divided by the number of levels of this place that you have seen.
                   A       B       C       D       E      F
               +-------+-------+-------+-------+-------+----------------------
         Total | 100.0 | 100.0 |   N/A |   N/A | 100.0 |  83.7
       Dungeon | 100.0 | 100.0 |   N/A |   N/A | 100.0 |  83.7
               +-------+-------+-------+-------+-------+----------------------
